 Dungeon Crawl Stone Soup version 0.25-a0-528-g6b7c99946c (webtiles) character file.

Game seed: 3656309648933812929, levelgen mode: deterministic

11 Esekla the Magician (level 2, 0/15 HPs)
             Began as a Deep Elf Wizard on Feb 19, 2020.
             Slain by a jackal (2 damage)
             ... on level 1 of the Dungeon.
             The game lasted 00:03:24 (619 turns).

Esekla the Magician (Deep Elf Wizard)                Turns: 619, Time: 00:03:24

Health: 0/15       AC:  2    Str:  4    XL:     2   Next: 13%
Magic:  0/9        EV: 13    Int: 22    God:
Gold:   24         SH:  0    Dex: 13    Spells: 9/10 levels left

rFire    . . .     SeeInvis .   (no weapon)
rCold    . . .     Gourm    .   (no shield)
rNeg     . . .     Faith    .   a - +0 robe
rPois    .         Spirit   .   b - +0 hat
rElec    .         Reflect  .   (no cloak)
rCorr    .         Harm     .   (no gloves)
MR       .....                  (no boots)
Stlth    ++........             (no amulet)
HPRegen  0.05/turn              (no ring)
MPRegen  0.11/turn              (no ring)

@: no status effects
A: no striking features
a: no special abilities


You were on level 1 of the Dungeon.
You were not hungry.

You visited 1 branch of the dungeon, and saw 2 of its levels.

You collected 24 gold pieces.

Inventory:

Armour
 a - a +0 robe (worn)
 b - a +0 hat (worn)
Scrolls
 c - a scroll of identify {unknown}
 e - a scroll of enchant armour {unknown}
Comestibles
 d - a ration


   Skills:
 * Level 2.7 Dodging
 - Level 2.4 Stealth
 * Level 4.9 Spellcasting
 + Level 1.4 Conjurations
   Level 1.1 Summonings
   Level 1.1 Translocations


You had 9 spell levels left.
You knew the following spells:

 Your Spells              Type           Power        Failure   Level  Hunger
a - Magic Dart            Conj           ##..         5%          1    None

Your spell library contained the following spells:

 Spells                   Type           Power        Failure   Level  Hunger
 Blink                    Tloc           N/A          10%         2    None
 Call Imp                 Summ           ##......     10%         2    None
 Slow                     Hex            #.......     16%         2    None
 Conjure Flame            Conj/Fire      #.......     22%         3    ##.....
 Mephitic Cloud           Conj/Pois/Air  #.......     26%         3    ##.....


Dungeon Overview and Level Annotations

Branches:
Dungeon (2/15)

Altars:


Message History

The jackal bites you but does no damage.
The jackal barely misses you.
Casting: Magic Dart (safe; 5% risk of failure)
Confirm with . or Enter, or press ? or * to list all spells.
Aiming: Magic Dart (safe; 5% risk of failure)
Press: ? - help, Shift-Dir - straight line, f/p - jackal
Aim: a jackal (severely wounded)
The magic dart hits the jackal.
The jackal is almost dead.
The jackal closely misses you.
You completely miss the jackal.
The jackal is severely wounded.
The jackal closely misses you. The jackal barely misses you.
You barely miss the jackal.
The jackal is severely wounded.
The jackal misses you.
You hit the jackal but do no damage.
The jackal is severely wounded.
The jackal bites you.
You die...

#)#.#.#########.###.....
#.#.#.# #.# #.....
#.#.#.#########.# #.....
######.#.#.........#.#
######
#....#.#.#>.....÷....#
#.##.#.#.#...........#
#.##.#.#.....######..#
#.##.#.#.....# ##'######
#.##.#.#....@######.......#
#.##...#.....h....'.......#
#.######.....######.......#
#.# #.##########.÷.....#
#.# #..................#
#.######..................#
#..................##.#####
# ########...........##.# #
#...........##.# ##


You could see a jackal.

Vanquished Creatures
  A leopard gecko (D:1)
  A hobgoblin (D:1)
  3 jackals (D:1)
  2 bats (D:1)
  2 rats (D:1)
9 creatures vanquished.

Notes
Turn   | Place    | Note
-------+----------+-------------------------------------------
     0 | D:1      | Esekla the Deep Elf Wizard began the quest for the Orb.
     0 | D:1      | Reached XP level 1. HP: 10/10 MP: 7/7
   550 | D:1      | Reached XP level 2. HP: 15/15 MP: 0/9
   619 | D:1      | Slain by a jackal

Levels and vault maps discovered:
D:1:      lemuel_arrival_tunnels, layout_basic, chequers_jeans
D:2:      layout_rooms, nicolae_ru_great_annihilating_truth, uniq_natasha,
          uniq_sigmund

Action                   || total
-------------------------++-------
Melee: Unarmed           ||    41
 Cast: Magic Dart        ||    30
  Use: Potion            ||     1
Armor: Robe              ||    15
Dodge: Dodged            ||    50

Table legend:
 A = Non-vault XP
 B = Vault XP
 C = Vault XP percentage of total XP
 D = Non-vault monster count
 E = Vault monster count
 F = Vault count percentage of total count
                 A         B        C        D         E       F
            +---------+---------+-------+---------+---------+-------
      Total |      16 |       0 |   0.0 |       9 |       0 |   0.0
            +---------+---------+-------+---------+---------+-------
        D:1 |      16 |       0 |   0.0 |       9 |       0 |   0.0
            +---------+---------+-------+---------+---------+-------
